 Dungeon Crawl Stone Soup version 0.28-a0-230-g086cc6695f (webtiles) character file.

Game seed: 747515394087180531

2437 MacCMillion the Sneak (level 9, -4/103 HPs)
             Began as a Merfolk Gladiator on Aug 22, 2021.
             Was a Priest of Dithmenos.
             Slain by a wolf (6 damage)
             ... led by Grum
             ... on level 8 of the Dungeon.
             The game lasted 00:24:16 (8914 turns).

MacCMillion the Sneak (Merfolk Gladiator)           Turns: 8914, Time: 00:24:16

Health: -4/103     AC: 24    Str: 16    XL:     9   Next: 49%
Magic:  12/12      EV:  2    Int:  8    God:    Dithmenos [***...]
Gold:   342        SH:  0    Dex: 16    Spells: 8/8 levels left

rFire   . . .      SeeInvis .   a - +0 trident
rCold   . . .      Faith    .   (no shield)
rNeg    + + +      Spirit   .   (armour currently unavailable)
rPois   +          Reflect  .   (helmet currently unavailable)
rElec   .          Harm     .   (cloak currently unavailable)
rCorr   .          Rampage  .   (gloves currently unavailable)
Will    +....      NoTele   +   (boots currently unavailable)
Stlth   +++++.....              (no amulet)
HPRegen 0.27/turn               h - ring of willpower
MPRegen 0.13/turn               o - ring of positive energy

@: tree-form, wreathed by umbra
A: stationary, stasis, torment immunity, boosted hp, (nimble swimmer 2),
(mertail)
a: Renounce Religion, Shadow Step


You were on level 8 of the Dungeon.
You worshipped Dithmenos.
Dithmenos was most pleased with you.
You were a tree.
You visited 1 branch of the dungeon, and saw 8 of its levels.

You collected 342 gold pieces.

Inventory:

Hand Weapons
 a - a +0 trident (weapon)
 j - a +1 short sword of venom
 v - a +2 dagger of electrocution
 z - the +8 mace of Idul Qin {vorpal, *Slow rC++ Int+4 Stlth+}
   (You found it on level 4 of the Dungeon)

   It inflicts extra damage upon your enemies.
   Int:       It affects your intelligence (+4).
   rC:        It greatly protects you from cold.
   *Slow:     It may slow you when you take damage.
   Stlth:     It makes you more stealthy.
 G - a +2 dagger
Missiles
 d - 3 throwing nets
 f - 6 boomerangs
 g - 14 javelins
 t - 33 poisoned darts (quivered)
Armour
 m - a +2 pair of gloves of strength (melded)
 x - a +0 helmet (melded)
 A - a +0 crystal plate armour (melded)
Jewellery
 h - a ring of willpower (left branch)
 o - a ring of positive energy (right branch)
 E - a ring of wizardry
Wands
 b - a wand of flame (34)
 y - a wand of iceblast (13)
 I - a wand of paralysis (8)
Scrolls
 e - a scroll of enchant weapon {unknown}
 i - 2 scrolls of noise {unknown}
 l - 6 scrolls of enchant armour {unknown}
 p - a scroll of identify
 q - a scroll of immolation {unknown}
 r - 2 scrolls of fog {unknown}
 s - 2 scrolls of teleportation
 B - 2 scrolls of brand weapon {unknown}
 D - a scroll of amnesia {unknown}
 F - a scroll of fear {unknown}
Potions
 u - 2 potions of berserk rage
 w - 2 potions of degeneration
 C - a potion of brilliance
 H - a potion of might


   Skills:
 + Level 5.8 Fighting
 + Level 7.3 Short Blades
 - Level 6.3 Polearms
 - Level 3.4 Throwing
 + Level 6.8 Dodging
 + Level 7.4 Stealth
 - Level 4.0 Invocations


You had 8 spell levels left.
You didn't know any spells.
Your spell library was empty.

Dungeon Overview and Level Annotations

Branches:
Dungeon (8/15)             Temple (0/1) D:5
   Lair: D:8-11

Altars:
Dithmenos
Qazlal
Xom

Annotations:
D:4 2 transporters, Edmund; TimeIsEndless's ghost, amateur VSFi
D:5 2 runed translucent doors, MirrMurr's ghost, novice GnHu
D:8 Grum


Innate Abilities, Weirdness & Mutations

You are a tree.
Your roots penetrate the ground, keeping you stationary.
You cannot be teleported.
You are immune to unholy pain and torment.
Your maximum health is greatly increased.
Your equipment is partially melded.
((You are quick and stealthy near water. (Stealth+, EV+, Speed+++)))
((Your lower body shifts to a powerful aquatic tail in water.))


Message History

You resist with almost no effort.
As you read the scroll of teleportation, it crumbles to dust.
You feel strangely unstable. The wolf bites you!
* * * LOW HITPOINT WARNING * * *
The centaur hits you.
* * * LOW HITPOINT WARNING * * *
The centaur kicks you but does no damage.
Okay, then.
Really quaff the potion of lignification?
Okay, then.
Really quaff the potion of lignification?
You turn into a tree.
Your +0 helmet melds into your body.
Your +2 pair of gloves of strength melds into your body.
Your +0 crystal plate armour melds into your body.
You feel weaker.
Your roots penetrate the ground.
You feel strangely stable.
The wolf bites you but does no damage. x2
The centaur hits you but does no damage.
The centaur kicks you but does no damage.
The wolf bites you but does no damage. x2; The centaur zaps a wand.
You resist with almost no effort.
You barely miss the centaur.
The centaur is moderately wounded.
The wolf bites you.
* * * LOW HITPOINT WARNING * * *
The wolf bites you but does no damage.
The centaur hits you but does no damage.
The centaur completely misses you. The wolf barely misses you.
The wolf bites you but does no damage.
Okay, then.
You hit the centaur.
The centaur is moderately wounded.
The centaur hits you but does no damage.
The centaur kicks you but does no damage.
The wolf bites you but does no damage. x2; The centaur zaps a wand.
You resist with almost no effort. The wolf bites you but does no damage.
You hit the centaur.
The centaur is heavily wounded.
The wolf bites you but does no damage. The wolf bites you.
You die...

. .... ..# ##. ##. ....#
#.. ##.... ###..
.....##.# ##...... #.#<.
......#.# ......###....
......... ##.....#.....
#$......####.....###.[..
#....c................
#..♣hg≈≈≈...........
#...h≈≈≈≈...........
#$...≈≈####....#####
#.....≈≈≈≈#h.$.#
#..≈.#≈._≈≈g...#
#....≈≈>⌠≈≈≈≈..#
#...≈#≈≈≈≈≈≈...#
#...≈≈≈≈###≈≈.##
#...≈≈≈...≈...#


You could see Grum, 2 wolves and a centaur.

Vanquished Creatures
  Sigmund (D:4)
  An ice beast (D:6)
  Duvessa (D:6)
  3 sky beasts
  A hornet zombie (D:7)
  3 ogres
  2 centaurs
  A wolf (D:8)
  A bullfrog (D:6)
  8 scorpions
  Dowan (D:6)
  5 wights
  A bullfrog zombie (D:6)
  A hound (D:3)
  3 bullfrog skeletons
  Jessica (D:3)
  An iguana (D:6)
  An orc wizard (D:5)
  Robin (D:4)
  2 howler monkey skeletons (D:6)
  7 adders
  A white imp (D:6)
  2 adder skeletons (D:4)
  4 dart slugs
  8 orcs
  4 ball pythons
  11 endoplasms
  3 giant cockroaches
  5 goblins
  14 hobgoblins
  4 jackals
  11 kobolds
  5 quokkas
  14 bats
  2 frilled lizards (D:3)
  5 rats
139 creatures vanquished.

Vanquished Creatures (others)
  A bullfrog skeleton (D:5)
  5 orcs (D:5)
  8 fungi (D:5)
14 creatures vanquished.

Grand Total: 153 creatures vanquished

Notes
Turn   | Place    | Note
-------+----------+-------------------------------------------
     0 | D:1      | MacCMillion the Merfolk Gladiator began the quest for the
                  | Orb.
     0 | D:1      | Reached XP level 1. HP: 16/16 MP: 1/1
   499 | D:1      | Reached XP level 2. HP: 23/23 MP: 2/2
   591 | D:1      | Found a faded altar of an unknown god.
  1050 | D:2      | Reached skill level 5 in Polearms
  1190 | D:2      | Found a shadowy altar of Dithmenos.
  1202 | D:2      | Reached XP level 3. HP: 28/28 MP: 3/3
  1211 | D:2      | Became a worshipper of Dithmenos the Shadowed
  1842 | D:3      | Reached * piety under Dithmenos
  1868 | D:3      | Reached XP level 4. HP: 35/35 MP: 4/4
  2195 | D:3      | Noticed Jessica
  2209 | D:3      | Killed Jessica
  2210 | D:3      | Reached skill level 5 in Dodging
  2361 | D:3      | Reached XP level 5. HP: 42/42 MP: 5/5
  2590 | D:4      | Noticed Robin
  2693 | D:4      | Killed Robin
  2860 | D:4      | Noticed Sigmund
  2872 | D:4      | Killed Sigmund
  2872 | D:4      | Reached ** piety under Dithmenos
  2873 | D:4      | Reached skill level 5 in Fighting
  2873 | D:4      | Reached XP level 6. HP: 51/51 MP: 6/6
  2894 | D:5      | Entered Level 5 of the Dungeon
  3194 | D:4      | Reached XP level 7. HP: 32/56 MP: 7/7
  3292 | D:4      | Reached skill level 5 in Short Blades
  3351 | D:4      | Noticed TimeIsEndless's ghost (amateur VSFi)
  3352 | D:4      | Found a transporter.
  3353 | D:4      | Found a transporter.
  3493 | D:4      | Identified the +8 mace of Idul Qin {vorpal, *Slow rC++
                  | Int+4 Stlth+}
  3703 | D:4      | Noticed Edmund
  4554 | D:5      | Found a large runed translucent door.
  4554 | D:5      | Found a large runed translucent door.
  4554 | D:5      | Noticed MirrMurr's ghost (novice GnHu)
  4612 | D:5      | Found a staircase to the Ecumenical Temple.
  4621 | D:5      | Reached skill level 1 in Stealth
  4743 | D:5      | Reached skill level 1 in Invocations
  5149 | D:5      | Reached XP level 8. HP: 56/62 MP: 9/9
  5190 | D:5      | Found the +7 Singing Sword {vorpal, sonic wave}
  5997 | D:6      | Found a shimmering altar of Xom.
  6187 | D:6      | Reached skill level 5 in Stealth
  6211 | D:6      | Reached *** piety under Dithmenos
  6335 | D:5      | Reached XP level 9. HP: 41/64 MP: 12/12
  6904 | D:7      | Noticed Duvessa
  6904 | D:7      | Noticed Dowan
  7867 | D:6      | Killed Duvessa
  7873 | D:6      | Killed Dowan
  8528 | D:7      | Noticed a gargoyle
  8842 | D:8      | Noticed Grum
  8855 | D:8      | Found a stormy altar of Qazlal.
  8912 | D:8      | HP: 1/103 [wolf[Grum] (6)]
  8914 | D:8      | Slain by a wolf

Illustrated notes

Levels and vault maps discovered:
D:1:      enne_arrival_octagon_isle, layout_basic,
          dilly_ecumenical_altar_fadedgnrine
D:2:      minmay_diamond_boxcup, layout_rooms, basic_altar, minmay_tromino_i2
D:3:      layout_loops_ring, grunt_ministairs_11, grunt_decor_cap,
          serial_park_tiny_pond, st_stairs_2, dk_noncrumbling_4, uniq_jessica
D:4:      layout_basic, gammafunk_ghost_arena, uniq_robin, uniq_sigmund,
          uniq_edmund
D:5:      old_forge, layout_loops_ring, minmay_temple_entry_glass,
          ebering_ghost_disaster_area, lemuel_flame_loot_1
D:6:      layout_cave_pools, mainiacjoe_overflow_alcove_1
D:7:      layout_basic, uniq_duvessa
D:8:      layout_cave_pools, nicolae_qazlal_general_emergency,
          david_lair_shrubbed, uniq_grum

Skill      XL: |  1  2  3  4  5  6  7  8  9 |
---------------+----------------------------+-----
Polearms       | 5 6 |  6.3
Fighting       | 3 4 5 |  5.8
Dodging        | 5 6 |  6.8
Short Blades   | 3 4 6 7 |  7.3
Stealth        | 2 7 |  7.4
Invocations    | 2 4 |  4.0
Throwing       | 3 |  3.4

Action                   |  1- 3 |  4- 6 |  7- 9 || total
-------------------------+-------+-------+-------++-------
Melee: Trident           |   127 |   126 |    67 ||   320
       Dagger            |       |       |   332 ||   332
Throw: Dart              |       |     2 |       ||     2
  Use: Scroll            |       |     1 |     8 ||     9
       Potion            |       |       |     4 ||     4
 Stab: Sleeping          |     4 |       |       ||     4
       Distracted        |     1 |       |       ||     1
Armor: Leather armour    |    20 |       |       ||    20
       Ring mail         |     9 |    34 |    11 ||    54
       Crystal plate arm |       |       |   237 ||   237
       Skin              |       |       |    15 ||    15
Dodge: Dodged            |    59 |   112 |    64 ||   235

Table legend: (Time is in decaauts)
 A = Elapsed time spent in this place.
 B = Non-inter-level travel time spent in this place.
 C = Inter-level travel time spent in this place.
 D = Time resting spent in this place.
 E = Time spent auto-exploring this place.
 F = Levels seen in this place.
 G = Mean time per level.
                   A        B        C        D        E       F      G
               +--------+--------+--------+--------+--------+-----+--------+
         Total |   8807 |   8342 |    465 |    980 |   5624 |   8 | 1100.9 |
       Dungeon |   8807 |   8342 |    465 |    980 |   5624 |   8 | 1100.9 |
               +--------+--------+--------+--------+--------+-----+--------+

Top non-repeatable levels by time:
     D:5: 1700 daAuts
     D:7: 1580 daAuts
     D:4: 1538 daAuts
     D:3: 1378 daAuts
     D:6: 1163 daAuts
     D:1: 892 daAuts
     D:2: 488 daAuts
     D:8: 64 daAuts
